 Dungeon Crawl Stone Soup version 0.29.1-15-g9cfb28693d (webtiles) character file.

Game seed: 4063048271917730637

3018 KyoPewz the Thaumaturge (level 9, -7/93 HPs)
             Began as a Black Draconian Conjurer on Feb 26, 2023.
             Was an Initiate of Vehumet.
             Mangled by a vampire (9 damage)
             ... on level 9 of the Dungeon.
             The game lasted 01:12:35 (10840 turns).

KyoPewz the Thaumaturge (Black Draconian Conjurer) Turns: 10840, Time: 01:12:36

Health: -7/93      AC: 10    Str:  9    XL:     9   Next: 55%
Magic:  10/22      EV: 12    Int: 23    God:    Vehumet [......]
Gold:   284        SH:  0    Dex: 10    Spells: 3/26 levels left

rFire   . . .      SeeInvis .   r - +1 dagger (drain)
rCold   . . .      Faith    .   (no shield)
rNeg    . . .      Spirit   .   (body armour unavailable)
rPois   .          Reflect  .   (helmet restricted)
rElec   +          Harm     .   (no cloak)
rCorr   .          Rampage  .   k - +2 pair of gloves
Will    .....                   (no boots)
Stlth   ..........              h - amulet of regeneration
HPRegen 1.05/turn               (no ring)
MPRegen 0.18/turn               (no ring)

@: berserking (expiring), very quick
A: breathe lightning, AC +7, unfitting armour, electricity resistance,
cold-blooded
a: Breathe Lightning, Renounce Religion


You were on level 9 of the Dungeon.
You worshipped Vehumet.
Vehumet was noncommittal.
You visited 2 branches of the dungeon, and saw 10 of its levels.

You collected 444 gold pieces.
You spent 160 gold pieces at shops.

Inventory:

Hand Weapons
 c - a +0 shortbow of freezing
 r - a +1 dagger of draining (weapon)
 x - a +5 great sword
 z - a +0 short sword
 G - a +1 short sword of flaming
 J - a +2 trident of freezing
Missiles
 y - 19 poisoned darts
 K - 2 throwing nets
Armour
 k - a +2 pair of gloves (worn)
Jewellery
 b - a ring of fire
 h - an amulet of regeneration (around neck)
 E - the amulet of Elemental Vulnerability {rPois rF-- rC-- AC+8}
   (You found it on level 5 of the Dungeon)

   [amulet of nothing]

   AC:        It affects your AC (+8).
   rF:        It makes you very vulnerable to fire.
   rC:        It makes you very vulnerable to cold.
   rPois:     It protects you from poison.
 H - a +6 ring of strength
Wands
 m - a wand of mindburst (14)
 u - a wand of flame (7)
 A - a wand of polymorph (10)
Scrolls
 e - 2 scrolls of immolation
 g - a scroll of brand weapon {unknown}
 i - a scroll of vulnerability {unknown}
 n - 2 scrolls of magic mapping
 o - 10 scrolls of teleportation
 p - 2 scrolls of fear {unknown}
 q - 5 scrolls of noise
 s - 2 scrolls of blinking
 v - a scroll of enchant weapon {unknown}
 B - a scroll of butterflies {unknown}
 C - a scroll of amnesia {unknown}
 D - a scroll of silence {unknown}
Potions
 a - 2 potions of magic
 d - 3 potions of cancellation
 j - 5 potions of curing
 l - a potion of berserk rage
 t - 3 potions of brilliance
 w - 2 potions of might {unknown}
 F - 2 potions of flight
 L - a potion of haste {unknown}


   Skills:
 - Level 1.7 Dodging
 - Level 1.7 Stealth
 + Level 9.0 Spellcasting
 + Level 7.3 Conjurations
 - Level 4.0 Translocations
 - Level 3.0 Fire Magic
 - Level 3.0 Air Magic
 + Level 3.6 Poison Magic


You had 3 spell levels left.
You knew the following spells:

 Your Spells              Type           Power      Damage    Failure   Level
a - Magic Dart            Conj           100%       1d8       1%          1
b - Searing Ray           Conj           88%        2d7       1%          2
c - Foxfire               Conj/Fire      100%       2x1d9     1%          1
d - Iskenderun's Mystic   Conj/Tloc      36%        2d9       6%          4
e - Poisonous Vapours     Pois/Air       50%        N/A       2%          2
f - Conjure Flame         Conj/Fire      34%        6-21      2%          3
g - Olgreb's Toxic Radia  Pois           27%        N/A       14%         4
h - Fulminant Prism       Conj/Hex       13%        3d9       14%         4
i - Ensorcelled Hibernat  Hex/Ice        20%        N/A       10%         2

Your spell library contained the following spells:

 Spells                   Type           Power      Damage    Failure   Level
 Sting                    Tmut/Pois      72%        1d6       3%          1
 Gell's Gravitas          Tloc           28%        N/A       3%          3
 Teleport Other           Tloc           28%        N/A       3%          3
 Dazzling Flash           Conj/Hex       54%        N/A       4%          3
 Beastly Appendage        Tmut           20%        N/A       6%          1
 Spider Form              Tmut/Pois      18%        N/A       9%          3
 Wereblood                Tmut           10%        N/A       10%         2
 Inner Flame              Hex/Fire       17%        N/A       10%         3
 Summon Guardian Golem    Hex/Summ       10%        N/A       19%         3
 Flame Wave               Conj/Fire      34%        2d10      8%          4
 Anguish                  Hex/Necr       5%         N/A       52%         4
 Dispersal                Tloc           14%        N/A       88%         6
 Orb of Destruction       Conj           22%        9d8       95%         7
 Spellforged Servitor     Conj/Summ      13%        N/A       100%        7


Dungeon Overview and Level Annotations

Branches:
Dungeon (9/15)             Temple (1/1) D:6
   Lair: D:8-11         Orc: D:9-12

Altars:
Ashenzari
Cheibriados
Dithmenos
Elyvilon
Fedhas
Gozag
Hepliaklqana
Kikubaaqudgha
Nemelex Xobeh
Qazlal
Ru
Uskayaw
Vehumet
Wu Jian
Xom
Yredelemnul
Zin
The Shining One

Shops:
D:1 =   D:4 (   D:5 !

Annotations:
D:3 exclusion: downstairs
D:4 5 exclusions, Sigmund
D:5 exclusion: downstairs
D:6 2 runed translucent doors, duchin's ghost, novice MfCj
D:8 Erica


Innate Abilities, Weirdness & Mutations

You can breathe wild blasts of lightning.
Your glossy black scales are hard. (AC +7)
You cannot fit into any form of body armour.
You are resistant to electric shocks. (rElec)
You are cold-blooded and may be slowed by cold attacks.


Message History

The vampire is heavily damaged.
The vampire hits you but does no damage.
The vampire bites you but does no damage.
You closely miss the vampire.
The vampire is heavily damaged.
Your magical contamination has completely faded away.
You hit the vampire.
The vampire is severely damaged.
The vampire hits you but does no damage.
The vampire bites you.
* * * LOW HITPOINT WARNING * * *
The vampire draws strength from your injuries!
You barely miss the vampire.
The vampire is heavily damaged.
The vampire hits you.
* * * LOW HITPOINT WARNING * * *
The vampire bites you!
* * * LOW HITPOINT WARNING * * *
The vampire draws strength from your injuries!
You are too berserk!
You are too berserk!
You barely miss the vampire.
The vampire is heavily damaged.
You hit the vampire.
The vampire is heavily damaged.
The vampire barely misses you. The vampire bites you.
* * * LOW HITPOINT WARNING * * *
The vampire draws strength from your injuries!
You barely miss the vampire.
The vampire is heavily damaged.
The vampire hits you but does no damage.
The vampire bites you but does no damage.
You hit the vampire.
The vampire is severely damaged.
You hit the vampire.
The vampire is almost destroyed.
You feel less wooden.
Your +2 pair of gloves unmelds from your body.
The vampire hits you!
You die...

#.......#
#.......#
#######.......#
#.....#.......#
#.....#.......####
#..##.#.......#.<.
#..##.#.......#.##
#.....'.......#.##
#@V...#.......#.##
#.###.#.......#.##
#.# #.#.......#.##
#.....##'##...'...
#.........'...#...
#.........#...#.##
#...#...#.#...#.#
#.........#.###..
.....######.# ...


You could see a vampire.

Vanquished Creatures
  Maggie (D:6)
  Eustachio (D:4)
  A water moccasin (D:8)
  Duvessa (D:5)
  2 ice beasts
  A sky beast (D:6)
  An ogre (D:3)
  A black bear (D:4)
  A centaur (D:7)
  2 phantoms
  2 kobold brigands
  A bullfrog (D:7)
  7 scorpions
  2 gnoll sergeants
  Dowan (D:5)
  3 wights (D:7)
  2 hounds
  An orc priest (D:6)
  A jelly (D:4)
  Ijyb (D:3)
  6 iguanas
  An orc wizard (D:6)
  Natasha (thrice) (D:3)
  16 gnolls
  12 adders
  A shadow imp (D:6)
  A white imp (D:7)
  2 ufetubi
  2 worms
  2 dart slugs (D:3)
  7 orcs
  3 ball pythons
  6 endoplasms
  6 giant cockroaches
  8 goblins
  6 hobgoblins
  5 quokkas
  4 bats
  A frilled lizard (D:3)
  19 kobolds
  6 rats
  A bush (D:3)
151 creatures vanquished.

Vanquished Creatures (collateral kills)
  A shadow imp (D:6)
1 creature vanquished.

Vanquished Creatures (others)
  84 foxfires
  20 plants
  3 withered plants (D:4)
107 creatures vanquished.

Grand Total: 259 creatures vanquished

Notes
Turn   | Place    | Note
-------+----------+-------------------------------------------
     0 | D:1      | KyoPewz the Draconian Conjurer began the quest for the Orb.
     0 | D:1      | Reached XP level 1. HP: 14/14 MP: 3/3
    89 | D:1      | Found a faded altar of an unknown god.
   435 | D:1      | Reached XP level 2. HP: 20/20 MP: 1/5
   559 | D:1      | Learned a level 2 spell: Searing Ray
   561 | D:1      | Learned a level 1 spell: Foxfire
   687 | D:1      | Found Gaisiny's Jewellery Shoppe.
  1170 | D:2      | Reached XP level 3. HP: 26/26 MP: 1/6
  1574 | D:2      | Reached skill level 1 in Fire Magic
  1922 | D:2      | Reached XP level 4. HP: 33/33 MP: 3/8
  1998 | D:2      | Reached skill level 5 in Conjurations
  2152 | D:2      | Reached skill level 3 in Spellcasting
  2676 | D:2      | Reached XP level 5. HP: 38/38 MP: 5/9
  3173 | D:3      | Noticed Ijyb
  3192 | D:3      | Killed Ijyb
  3350 | D:3      | Found a hazy altar of Hepliaklqana.
  3367 | D:3      | Noticed Natasha
  3371 | D:3      | Killed Natasha
  3826 | D:3      | Noticed Natasha
  3831 | D:3      | Killed Natasha
  3832 | D:3      | Reached skill level 1 in Translocations
  4094 | D:3      | Noticed Natasha
  4099 | D:3      | Killed Natasha
  4100 | D:3      | Reached XP level 6. HP: 45/45 MP: 5/11
  4333 | D:4      | Found Usoez's Weapon Shop.
  4556 | D:4      | Noticed Sigmund
  4929 | D:4      | Found an ancient bone altar of Kikubaaqudgha.
  5139 | D:4      | Noticed Eustachio
  5147 | D:4      | Your scales start taking on a glossy black colour.
  5147 | D:4      | Reached XP level 7. HP: 49/50 MP: 1/12
  5147 | D:4      | Gained mutation: You are resistant to electric shocks.
                  | (rElec) [Black Draconian growth]
  5234 | D:4      | Learned a level 4 spell: Iskenderun's Mystic Blast
  5237 | D:4      | Learned a level 2 spell: Poisonous Vapours
  5241 | D:4      | Learned a level 3 spell: Conjure Flame
  5307 | D:4      | Killed Eustachio
  5308 | D:4      | Reached skill level 4 in Spellcasting
  5308 | D:4      | Reached skill level 1 in Air Magic
  5471 | D:4      | Reached skill level 1 in Poison Magic
  5702 | D:4      | Found a hide-covered altar of Uskayaw.
  6170 | D:5      | Entered Level 5 of the Dungeon
  6347 | D:5      | Noticed Dowan
  6347 | D:5      | Noticed Duvessa
  6353 | D:5      | Killed Dowan
  6355 | D:5      | Killed Duvessa
  6356 | D:5      | Reached XP level 8. HP: 31/57 MP: 4/14
  6447 | D:5      | Found a glowing silver altar of Zin.
  6447 | D:5      | Noticed an angel
  6599 | D:5      | Found a shadowy altar of Dithmenos.
  6600 | D:5      | Found a glowing golden altar of the Shining One.
  6970 | D:5      | Reached skill level 5 in Spellcasting
  7056 | D:5      | Found Kirgh's Distillery.
  7068 | D:5      | Bought a potion of curing for 30 gold pieces
  7068 | D:5      | Bought a potion of degeneration for 10 gold pieces
  7068 | D:5      | Bought a potion of brilliance for 40 gold pieces
  7068 | D:5      | Bought a potion of flight for 30 gold pieces
  7068 | D:5      | Bought a potion of berserk rage for 50 gold pieces
  7077 | D:5      | Found the amulet of Elemental Vulnerability {rPois rF--
                  | rC-- AC+8}
  7193 | D:6      | Noticed Maggie
  7448 | D:6      | Reached skill level 6 in Spellcasting
  7624 | D:6      | Found a runed translucent door.
  7657 | D:6      | Noticed duchin's ghost (novice MfCj)
  7726 | D:6      | Killed Maggie
  7727 | D:6      | Reached skill level 7 in Spellcasting
  7727 | D:6      | Reached XP level 9. HP: 23/62 MP: 4/20
  7831 | D:6      | Found a runed translucent door.
  7950 | D:6      | Identified the +1 leather armour "Ison" {Dex+3}
  8013 | D:6      | Found a staircase to the Ecumenical Temple.
  8017 | D:6      | Identified the +1 robe "Gead" {Archmagi}
  8038 | Temple   | Entered the Ecumenical Temple
  8219 | Temple   | Became a worshipper of Vehumet
  8636 | D:6      | Reached skill level 8 in Spellcasting
  9011 | D:7      | HP: 2/60 [centaur/arrow (2)]
  9281 | D:8      | Noticed a two-headed ogre
  9491 | D:7      | Learned a level 4 spell: Olgreb's Toxic Radiance
  9496 | D:7      | Learned a level 4 spell: Fulminant Prism
  9499 | D:7      | Learned a level 2 spell: Ensorcelled Hibernation
 10201 | D:8      | Noticed Erica
 10222 | D:7      | Reached skill level 9 in Spellcasting
 10281 | D:8      | Noticed a death yak
 10822 | D:9      | HP: 4/93 [something (6)]
 10835 | D:9      | HP: 2/139 [vampire (7)]
 10840 | D:9      | Mangled by a vampire

Illustrated notes

Levels and vault maps discovered:
D:1:      zaba_arrival_water, layout_basic, serial_aquarium,
          aquarium_bridge_square [aquarium_subvault_window,
          aquarium_subvault_window, aquarium_subvault_bridge,
          aquarium_subvault_wall], aquarium_bridge_long_separate
          [aquarium_subvault_wall, aquarium_subvault_wall,
          aquarium_subvault_bridge, aquarium_subvault_bridge,
          aquarium_subvault_window, aquarium_subvault_bridge],
          aquarium_window_3, aquarium_window_2, aquarium_window_1,
          aquarium_view_2a, aquarium_pool_2, hellmonk_ecumenical_altar_blasted,
          serial_shops, shop, minmay_misc_feat_nine_boxes
D:2:      layout_basic, serial_bayou, serial_bayou_pond_d, serial_bayou_pond_c,
          serial_bayou_pond_b, serial_bayou_shore_b
D:3:      layout_loops_corners, mainiacjoe_overflow_paths, serial_forest,
          infiniplex_forest_clump_double, infiniplex_forest_corner_1,
          infiniplex_forest_split, infiniplex_forest_lined_3, minmay_surrounded,
          uniq_ijyb, uniq_natasha
D:4:      layout_loops_ring, kiku_gazebo_garden_becter,
          grunt_temple_overflow_bloody_war, mainiacjoe_overflow_tiny_flanked,
          serial_shops, nicolae_shop_statue_plus, kennysheep_generic_room_15,
          uniq_eustachio, uniq_sigmund
D:5:      layout_basic, zin_angel, minitemple, serial_shops, shop, uniq_duvessa
D:6:      layout_gridville, minmay_temple_entry_arrows, ebering_ghost_sewer_f,
          uniq_maggie
D:7:      layout_basic
D:8:      layout_loops_ring, mainiacjoe_overflow_brackets, led_sif_book,
          dpeg_lair_monsters, uniq_erica
D:9:      layout_stronghold
Temple:   hc_temple_tempest_star

Skill      XL: |  1  2  3  4  5  6  7  8  9 |
---------------+----------------------------+-----
Fire Magic     | 1 2 3 |  3.0
Conjurations   | 5 6 7 |  7.3
Spellcasting   | 3 4 7 9 |  9.0
Translocations | 1 2 3 4 |  4.0
Air Magic      | 2 3 |  3.0
Poison Magic   | 2 3 |  3.6
Dodging        | |  1.7
Stealth        | |  1.7

Action                   |  1- 3 |  4- 6 |  7- 9 || total
-------------------------+-------+-------+-------++-------
Melee: Short sword       |     7 |     1 |       ||     8
       Tailslap          |     1 |    24 |    15 ||    40
       Dagger            |       |    74 |   118 ||   192
       Punch             |       |     4 |     1 ||     5
 Cast: Magic Dart        |    54 |    85 |   181 ||   320
       Searing Ray       |     2 |    14 |    22 ||    38
       Foxfire           |       |     4 |    43 ||    47
       Poisonous Vapours |       |       |    20 ||    20
       Conjure Flame     |       |       |     2 ||     2
Evoke: Wand              |       |       |     4 ||     4
  Use: Scroll            |       |       |    11 ||    11
       Potion            |       |       |     8 ||     8
Armor: Skin              |     2 |    13 |   120 ||   135
Dodge: Dodged            |     6 |    16 |   145 ||   167
